 Dungeon Crawl Stone Soup version 0.21-a0-442-g848f44b (webtiles) character file.

11226 CanOfBees the Fighter (level 11, -9/123 HPs)
             Began as an Ogre Hunter on Nov 15, 2017.
             Was an Elder of Okawaru.
             Mangled by a komodo dragon (26 damage)
             ... on level 1 of the Lair of Beasts.
             The game lasted 00:41:16 (19176 turns).

CanOfBees the Fighter (Ogre Hunter)                Turns: 19176, Time: 00:41:18

Health: -9/123     AC: 12    Str: 21    XL:     11   Next: 74%
Magic:  17/17      EV: 16    Int: 12    God:    Okawaru [****..]
Gold:   204        SH:  0    Dex:  9    Spells: 10/10 levels left

rFire    . . .     SeeInvis .   E - +1 mace (venom)
rCold    . . .     Gourm    +   (no shield)
rNeg     . . .     Faith    .   r - +1 robe
rPois    .         Spirit   .   (helmet restricted)
rElec    .         Reflect  .   X - +0 cloak
rCorr    .         Harm     .   (gloves unavailable)
MR       +....                  (boots unavailable)
Stlth    +.........             C - amulet of the gourmand
HPRegen  0.70/turn              y - +4 ring of evasion
MPRegen  0.15/turn              W - +3 ring of protection

@: no status effects
A: unfitting armour, icy blue scales 1, slimy green scales 1, regeneration 1,
tough skin 1
a: Heroism, Renounce Religion


You were on level 1 of the Lair of Beasts.
You worshipped Okawaru.
Okawaru was greatly pleased with you.
You were full.

You visited 2 branches of the dungeon, and saw 10 of its levels.

You collected 459 gold pieces.
You spent 255 gold pieces at shops.

Inventory:

Hand Weapons
 h - a +0 hunting sling
 B - a +3 whip
 E - a +1 mace of venom (weapon)
 G - a +0 halberd
 I - a +0 quarterstaff
Missiles
 c - 2 tomahawks of dispersal
 j - 158 stones
 q - 7 curare-tipped needles
 D - 66 sling bullets
 J - 2 javelins of returning
 K - a large rock
 S - 2 tomahawks (quivered)
Armour
 r - a +1 robe (worn)
 X - a +0 cloak (worn)
Jewellery
 y - a +4 ring of evasion (left hand)
 C - an amulet of the gourmand (around neck)
 N - an uncursed ring of see invisible
 W - a +3 ring of protection (right hand)
Wands
 p - a wand of acid (6/15)
 F - a wand of polymorph (7/24)
Scrolls
 a - a scroll of identify
 b - a scroll of enchant armour {unknown}
 d - a scroll of enchant weapon {unknown}
 e - 3 scrolls of teleportation
 i - 2 scrolls of fear
 k - 3 scrolls of recharging
 l - a scroll of blinking
 t - 2 scrolls of noise {unknown}
 w - 2 scrolls of immolation {unknown}
 A - 3 scrolls of remove curse
 H - 2 scrolls of fog
 U - a scroll of random uselessness {unknown}
 Y - a scroll of acquirement {unknown}
Potions
 m - 3 potions of resistance
 n - a potion of degeneration {unknown}
 o - a potion of flight {unknown}
 s - 2 potions of mutation
 x - a potion of berserk rage {unknown}
 z - a potion of magic {unknown}
 L - a potion of brilliance {unknown}
 M - 2 potions of haste
 P - 5 potions of curing
 Q - a potion of lignification {unknown}
Comestibles
 f - 7 bread rations
 g - 6 fruits
 u - 5 meat rations
 v - 4 royal jellies


   Skills:
 * Level 12.2 Fighting
 + Level 6.9 Staves
 * Level 10.2 Throwing
 + Level 7.2 Dodging
 - Level 0.6 Stealth
 - Level 8.0 Invocations


You had 10 spell levels left.
You didn't know any spells.

Dungeon Overview and Level Annotations

Branches:
Dungeon (8/15)             Temple (0/1) D:7            Lair (2/6) D:8
  Swamp: Lair:2-4    Shoals: Lair:2-4     Snake: Lair:2-4    Spider: Lair:2-4

Altars:
Fedhas
Gozag
Nemelex Xobeh
Okawaru
Sif Muna
Trog
Vehumet
Yredelemnul
Zin

Shops:
D:7 =(::}


Innate Abilities, Weirdness & Mutations

You are too large for most types of armour.
You have tough skin. (AC +1)
You are partially covered in icy blue scales. (AC +2)
You are partially covered in slimy green scales. (AC +2)
Your natural rate of healing is unusually fast.


Message History

The komodo dragon bites you!! The blink frog hits you!
* * * LOW HITPOINT WARNING * * *
You hit the komodo dragon.
The komodo dragon looks as sick as possible!
The komodo dragon is heavily wounded.
The blink frog hits you!
* * * LOW HITPOINT WARNING * * *
The komodo dragon misses you.
The blink frog hits you but does no damage.
The blink frog blinks!
The blink frog hits you.
* * * LOW HITPOINT WARNING * * *
The blink frog blinks!
You miss the blink frog.
The blink frog is moderately wounded.
The blink frog hits you.
* * * LOW HITPOINT WARNING * * *
The komodo dragon misses you. The blink frog barely misses you.
The komodo dragon bites you!!
You die...

.####P.....#.######.#...## #.# ##
##...................### #.# #
####....>.............##.###.##
###P#....P#.#####................
......>..#### #................
#'##....§# #..........###.#.
....#....###### #..........#.....
....#....##.#.###F..#.##...#.....
....#..........l@.)..####..P.....
....#...........§...## #(.......
........##.######....# ##..#.....
....#...#### ##..## #...#.....
.####...# #..# ##..#..##+
........## #..# #....†...
.........# #..# #........
........## #..# #........
.....>..####### #..# #........


You could see a komodo dragon and a blink frog.

Vanquished Creatures
  A two-headed ogre (D:8)
  Nergalle (Lair:1)
  Pikel (D:6)
  An elephant (Lair:1)
  A black mamba (Lair:2)
  2 spiny frogs
  A komodo dragon (Lair:1)
  3 blink frogs (Lair:2)
  Grinder (D:5)
  2 basilisks (Lair:2)
  10 yaks
  Grum (D:8)
  Menkaure (D:5)
  Edmund (D:6)
  2 water moccasins
  5 porcupines
  An orc warrior (D:6)
  10 ice beasts
  A slave (D:5)
  4 ogres
  4 phantoms
  4 wolves
  3 sky beasts
  7 crocodiles
  A centaur (D:7)
  A big kobold (D:6)
  6 bullfrogs
  3 scorpions
  2 howler monkeys
  4 crimson imps
  4 hounds
  A jelly (D:7)
  Crazy Yiuf (D:6)
  2 orc priests (D:4)
  Jessica (D:8)
  An iguana (D:8)
  Terence (D:2)
  An orc wizard (D:4)
  5 worker ants
  A killer bee zombie (D:7)
  A hound zombie (D:6)
  A hound skeleton (D:4)
  A howler monkey zombie (D:7)
  8 gnolls
  10 adders
  2 shadow imps
  An adder zombie (D:5)
  4 adder skeletons
  2 worms (D:2)
  3 dart slugs
  7 leopard geckos
  19 orcs
  2 ball pythons
  5 giant cockroaches
  2 gnoll zombies (D:5)
  6 goblins (D:1)
  7 hobgoblins
  7 jackals
  4 quokkas
  4 bats (D:1)
  11 frilled lizards
  A giant cockroach zombie (D:5)
  14 kobolds
  A leopard gecko skeleton (D:7)
  2 leopard gecko zombies
  7 rats
235 creatures vanquished.

Vanquished Creatures (others)
  An adder (D:6)
  2 bushes (D:8)
  8 fungi
  56 plants
67 creatures vanquished.

Grand Total: 302 creatures vanquished

Notes
Turn   | Place    | Note
-------+----------+-------------------------------------------
     0 | D:1      | CanOfBees the Ogre Hunter began the quest for the Orb.
     0 | D:1      | Reached XP level 1. HP: 22/22 MP: 1/1
   297 | D:1      | Reached skill level 3 in Fighting
   452 | D:1      | Reached XP level 2. HP: 31/31 MP: 2/2
   904 | D:1      | Reached XP level 3. HP: 32/37 MP: 3/3
  1531 | D:2      | Noticed Terence
  1541 | D:2      | Killed Terence
  1541 | D:2      | Reached skill level 4 in Fighting
  1541 | D:2      | Reached XP level 4. HP: 43/48 MP: 4/4
  1697 | D:2      | You fall through a shaft!
  2829 | D:2      | Reached skill level 5 in Throwing
  2829 | D:2      | Reached XP level 5. HP: 48/55 MP: 5/5
  3356 | D:3      | Reached skill level 5 in Fighting
  4258 | D:4      | Reached XP level 6. HP: 67/67 MP: 6/6
  4386 | D:4      | Reached skill level 6 in Fighting
  4895 | D:4      | Reached XP level 7. HP: 76/76 MP: 7/7
  5459 | D:4      | Found a blossoming altar of Fedhas.
  6043 | D:4      | Reached skill level 7 in Fighting
  6268 | D:5      | Entered Level 5 of the Dungeon
  6332 | D:5      | Reached skill level 1 in Staves
  6349 | D:5      | Noticed Grinder
  6364 | D:5      | Killed Grinder
  6364 | D:5      | Reached XP level 8. HP: 56/88 MP: 8/8
  6610 | D:5      | Noticed Menkaure
  6614 | D:5      | Killed Menkaure
  6614 | D:5      | Reached skill level 8 in Fighting
  7300 | D:5      | Found a basalt altar of Yredelemnul.
  7379 | D:6      | Noticed Pikel
  7696 | D:6      | Noticed Edmund
  7713 | D:6      | Killed Edmund
  8137 | D:6      | Reached skill level 9 in Fighting
  8153 | D:6      | Killed Pikel
  8153 | D:6      | Reached XP level 9. HP: 42/100 MP: 9/9
  8891 | D:6      | Found a runed door.
  8984 | D:7      | Found Opnuic's Book Boutique.
  9001 | D:7      | Found an iron altar of Okawaru.
  9112 | D:7      | Became a worshipper of Warmaster Okawaru
  9143 | D:7      | Reached skill level 10 in Fighting
  9143 | D:7      | Reached skill level 5 in Dodging
  9150 | D:7      | Reached skill level 1 in Invocations
  9186 | D:7      | Found a staircase to the Ecumenical Temple.
  9231 | D:7      | Found Zigeh's Antique Weapon Boutique.
  9239 | D:7      | Bought a twisted trident for 255 gold pieces
  9240 | D:7      | Identified the cursed +2 trident of Inquiry {vamp, MR++} (You bought it in a shop on level 7 of the Dungeon)
  9697 | D:7      | Found a radiant altar of Vehumet.
  9702 | D:7      | Found a bloodstained altar of Trog.
  9704 | D:7      | Found a glowing silver altar of Zin.
  9867 | D:7      | Found Keru's Gadget Shop.
 10691 | D:7      | Found an opulent altar of Gozag.
 10692 | D:7      | Found a sparkling altar of Nemelex Xobeh.
 10693 | D:7      | Reached XP level 10. HP: 110/111 MP: 12/12
 10824 | D:7      | Reached * piety under Okawaru
 11112 | D:7      | Found Teufuf's Book Emporium.
 11120 | D:7      | Found Otacuest's Jewellery Shop.
 11475 | D:8      | Noticed Jessica
 11481 | D:8      | Killed Jessica
 11489 | D:8      | Found a deep blue altar of Sif Muna.
 12385 | D:8      | Noticed Grum
 12927 | D:6      | Noticed Crazy Yiuf
 12934 | D:6      | Killed Crazy Yiuf
 13061 | D:7      | Reached skill level 5 in Staves
 13062 | D:7      | Reached skill level 5 in Invocations
 13747 | D:8      | Reached ** piety under Okawaru
 14033 | D:8      | Killed Grum
 14033 | D:8      | Reached skill level 11 in Fighting
 14160 | D:8      | Noticed a two-headed ogre
 14231 | D:8      | Found a staircase to the Lair.
 14665 | D:8      | Killed a two-headed ogre
 15030 | Lair:1   | Entered Level 1 of the Lair of Beasts
 15043 | Lair:1   | Noticed a spiny frog
 15059 | Lair:1   | Killed a spiny frog
 15145 | Lair:1   | Reached XP level 11. HP: 48/120 MP: 14/16
 15436 | Lair:1   | Noticed Nergalle
 15463 | Lair:1   | Killed Nergalle
 15515 | D:8      | Reached *** piety under Okawaru
 17041 | Lair:1   | Reached **** piety under Okawaru
 18475 | Lair:2   | Reached skill level 10 in Throwing
 18611 | Lair:1   | Received a gift from Okawaru
 18611 | Lair:1   | Reached skill level 12 in Fighting
 19019 | Lair:2   | Gained mutation: Your natural rate of healing is unusually fast. [potion of mutation]
 19019 | Lair:2   | Gained mutation: You are partially covered in icy blue scales. (AC +2) [potion of mutation]
 19019 | Lair:2   | Gained mutation: You are partially covered in slimy green scales. (AC +2) [potion of mutation]
 19020 | Lair:2   | Received a gift from Okawaru
 19176 | Lair:1   | Mangled by a komodo dragon

Vault maps used:
D:1:      shiori_arrival_oz
D:2:      first_bread, uniq_terence
D:4:      marbit_many_paths, minivault_14
D:5:      lemuel_zombie_altar_yredelemnul, uniq_grinder, uniq_menkaure
D:6:      uniq_edmund, uniq_crazy_yiuf_cottage, uniq_pikel
D:7:      grunt_temple_overflow_opulence, okawaru_ov_weapons_minmay, minitemple,
          minmay_temple_entry_grid, serial_shops,
          nicolae_shop_overgrown_old_shop, shop_fountains, shop,
          nicolae_shop_trees, kennysheep_little_box, grunt_ogre_cave
D:8:      minmay_lair_entry_grove, tgw_sif, uniq_grum
Lair:1:   portal_ice_cave_entry_ice_beasts, infiniplex_staircase_pool,
          uniq_nergalle
Lair:2:   cheibrodos_lair_overgrown_chateau, guppyfry_snake_entry_garden

Skill      XL: |  1  2  3  4  5  6  7  8  9 10 11 |
---------------+----------------------------------+-----
Fighting       | 3 4 5 6 7 9 10 11 12 | 12.2
Dodging        | 2 3 4 5 6 7 |  7.2
Throwing       | 5 6 8 9 10 | 10.2
Staves         | 1 3 4 5 6 |  6.9
Invocations    | 3 6 8 |  8.0
Stealth        | |  0.6

Action                   |  1- 3 |  4- 6 |  7- 9 | 10-12 || total
-------------------------+-------+-------+-------+-------++-------
Melee: Short sword       |    17 |     5 |       |       ||    22
       Whip              |       |    66 |    97 |       ||   163
       Mace              |       |    17 |    61 |   320 ||   398
       Dire flail        |       |       |     7 |       ||     7
       Quarterstaff      |       |       |    53 |    46 ||    99
       Giant spiked club |       |       |    27 |       ||    27
 Fire: Hunting sling     |    62 |   179 |   169 |    96 ||   506
Throw: Stone             |    38 |    19 |    31 |    20 ||   108
       Large rock        |    17 |    30 |    21 |    15 ||    83
       Throwing net      |       |     3 |     6 |     6 ||    15
       Tomahawk          |       |       |    25 |    19 ||    44
Evoke: Wand              |       |       |     1 |     1 ||     2
  Use: Scroll            |       |     3 |     5 |     7 ||    15
       Potion            |       |     1 |     6 |     3 ||    10
 Stab: Held in net/web   |       |       |       |     1 ||     1
  Eat: Chunk             |     2 |    23 |    22 |    24 ||    71
Armor: Robe              |    13 |    45 |    58 |    80 ||   196
Dodge: Dodged            |    59 |   190 |   296 |   361 ||   906

Table legend:
 A = Spawn XP
 B = Non-spawn XP
 C = Spawn XP percentage of total XP
 D = Spawn monster count
 E = Non-spawn monster count
 F = Spawn count percentage of total count
 G = Total turns spent on level
                    A         B        C        D         E        F      G
               +---------+---------+-------+---------+---------+-------+---------
         Total |       0 |   16038 |   0.0 |       0 |     234 |   0.0 | 19176
               +---------+---------+-------+---------+---------+-------+---------
           D:1 |       0 |      52 |   0.0 |       0 |      28 |   0.0 |  1533
           D:2 |       0 |     145 |   0.0 |       0 |      27 |   0.0 |  1637
           D:3 |       0 |     164 |   0.0 |       0 |      24 |   0.0 |  1189
           D:4 |       0 |     553 |   0.0 |       0 |      29 |   0.0 |  1909
           D:5 |       0 |     960 |   0.0 |       0 |      17 |   0.0 |  1739
           D:6 |       0 |    1497 |   0.0 |       0 |      21 |   0.0 |  1810
           D:7 |       0 |    2548 |   0.0 |       0 |      34 |   0.0 |  3185
           D:8 |       0 |    3380 |   0.0 |       0 |      23 |   0.0 |  2524
        Lair:1 |       0 |    4147 |   0.0 |       0 |      20 |   0.0 |  2715
        Lair:2 |       0 |    2592 |   0.0 |       0 |      11 |   0.0 |   935
               +---------+---------+-------+---------+---------+-------+---------
